 Dungeon Crawl Stone Soup version 0.28-a0-1594-ga885d4b3d6 (webtiles) character file.

Game seed: 15799697383866803954

23 Hasart the Skirmisher (level 2, 0/19 (26) HPs)
             Began as a Demigod Fighter on Jan 20, 2022.
             Slain by a kobold (1 damage)
             ... on level 1 of the Dungeon.
             The game lasted 00:01:07 (962 turns).

Hasart the Skirmisher (Demigod Fighter)              Turns: 962, Time: 00:01:07

HP:   0/19 (26)     AC:  6    Str: 17    XL:     2   Next: 54%
MP:   4/4           EV:  8    Int: 10    God:
Gold: 10            SH:  4    Dex: 13    Spells: 1/1 levels left

rFire   . . .      SeeInvis .   a - +0 war axe
rCold   . . .      Faith    .   c - +0 buckler
rNeg    . . .      Spirit   .   b - +0 scale mail
rPois   .          Reflect  .   (no helmet)
rElec   .          Harm     .   (no cloak)
rCorr   .          Rampage  .   (no gloves)
Will    .....                   (no boots)
Stlth   ..........              (no amulet)
HPRegen 0.06/turn               (no ring)
MPRegen 0.09/turn               (no ring)

@: very heavily drained
A: high mp 1, forlorn, divine attributes
a: no special abilities


You were on level 1 of the Dungeon.
You visited 1 branch of the dungeon, and saw 1 of its levels.

You collected 10 gold pieces.

Inventory:

Hand Weapons
 a - a +0 war axe (weapon)
Armour
 b - a +0 scale mail (worn)
 c - a +0 buckler (worn)
Scrolls
 e - a scroll of vulnerability {unknown}
Potions
 d - a potion of might
 f - a potion of heal wounds {unknown}


   Skills:
 + Level 3.0 Fighting
 * Level 2.7 Axes
 - Level 2.6 Armour
 - Level 2.6 Shields


You had one spell level left.
You didn't know any spells.
Your spell library was empty.

Dungeon Overview and Level Annotations

Branches:
Dungeon (1/15)


Innate Abilities, Weirdness & Mutations

You have an increased reservoir of magic. (+10% MP)
You shall have no god before yourself.
Your divine heritage dramatically boosts your attributes as you level up.


Message History

There is an open door here.
You open the door.
There is an open door here.
A kobold comes into view.
It is wielding a +2 short sword of draining.
The kobold shouts!
A kobold is nearby!
A kobold is nearby!
A kobold is nearby!
A kobold is nearby!
No target in view!
No target in view!
No target in view!
You block the kobold's attack.
You hit the kobold but do no damage.
The kobold hits you with a +2 short sword of draining.
You feel drained.
You hit the kobold.
The kobold is moderately wounded.
The kobold hits you with a +2 short sword of draining.
You feel drained.
The kobold hits you with a +2 short sword of draining.
You feel drained.
You closely miss the kobold.
The kobold is moderately wounded.
The kobold completely misses you.
You barely miss the kobold.
The kobold is moderately wounded.
The kobold hits you with a +2 short sword of draining.
You feel drained.
The kobold hits you with a +2 short sword of draining!
You feel drained.
You hit the kobold but do no damage.
The kobold is moderately wounded.
The kobold closely misses you.
You hit the kobold but do no damage.
The kobold is moderately wounded.
The kobold hits you with a +2 short sword of draining.
* * * LOW HITPOINT WARNING * * *
You feel drained.
You die...

...#####.........# #.#♣..≈≈8≈≈..♣
#..............### #.#♣.♣.≈≈≈.♣.♣
##.^#######.##.# #.#♣.........♣
#......####.# .# #.##..♣♣.♣♣..#
..#.##...##.##.#
#.#..♣♣P....#..#.##.#@..#.............
....####..#.# .###.......#####.##
..........#.# # ###.....# #.#
..#.####.##.# #.....# #.## ..#.#
#....# #.....# #..# #.#.##########
#.....# ##.# #[#..........# #.....#
#.. .............# ####### ####'
..##########.# #....


You could see a kobold.

Vanquished Creatures
  A dart slug (D:1)
  2 ball pythons (D:1)
  2 endoplasms (D:1)
  3 goblins (D:1)
  2 hobgoblins (D:1)
  2 quokkas (D:1)
  2 bats (D:1)
  A frilled lizard (D:1)
  2 kobolds (D:1)
  A rat (D:1)
18 creatures vanquished.

Notes
Turn   | Place    | Note
-------+----------+-------------------------------------------
     0 | D:1      | Hasart the Demigod Fighter began the quest for the Orb.
     0 | D:1      | Reached XP level 1. HP: 18/18 MP: 3/3
   566 | D:1      | Reached XP level 2. HP: 22/25 MP: 4/4
   841 | D:1      | Reached skill level 3 in Fighting
   962 | D:1      | HP: 1/20 [kobold (6)]
   962 | D:1      | Slain by a kobold

Illustrated notes

Levels and vault maps discovered:
D:1:      tarquinn_simple_flora_water_b, layout_basic, basic_ecumenical_altar

Skill      XL: |  1  2 |
---------------+-------+-----
Axes           | 2 |  2.7
Fighting       | 3 |  3.0
Armour         | |  2.6
Shields        | |  2.6

Action                   || total
-------------------------++-------
Melee: War axe           ||    49
Armor: Scale mail        ||    20
Dodge: Dodged            ||    17
Block: Buckler           ||    11

Table legend: (Time is in decaauts)
 A = Elapsed time spent in this place.
 B = Non-inter-level travel time spent in this place.
 C = Inter-level travel time spent in this place.
 D = Time resting spent in this place.
 E = Time spent auto-exploring this place.
 F = Levels seen in this place.
 G = Mean time per level.
                   A        B        C        D        E       F      G
               +--------+--------+--------+--------+--------+-----+--------+
         Total |    982 |    982 |      0 |      0 |    849 |   1 |  982.0 |
       Dungeon |    982 |    982 |      0 |      0 |    849 |   1 |  982.0 |
               +--------+--------+--------+--------+--------+-----+--------+

Top non-repeatable levels by time:
     D:1: 982 daAuts
